[Event "ICC tourney 2161 (75 10)"]
[Site "Internet Chess Club"]
[Date "2020.11.29"]
[Round "8"]
[White "SunnyCountry"]
[Black "smartgoldfish"]
[Result "1-0"]
[ICCResult "Black checkmated"]
[WhiteElo "1313"]
[BlackElo "1202"]
[Opening "Giuoco Piano"]
[ECO "C54"]
[NIC "IG.02"]
[Time "14:49:01"]
[PlyCount "123"]
[TimeControl "4500+10"]


1. e4 e5 2. Nf3 Nc6 3. Bc4 Bc5 4. c3 Nf6 5. d3 O-O 6. a4 a5 7. Nbd2 d6 8.
O-O Be6 9. h3 Ne7 10. Re1 Ng6 11. Nf1 c6 12. Bxe6 fxe6 13. Be3 Ba7 14. Qb3
Qd7 15. Rac1 Rfe8 16. c4 d5 17. exd5 exd5 18. cxd5 cxd5 19. Bxa7 Rxa7 20.
Qb6 Ra6 21. Qb3 Rae6 22. Ne3 Nf4 23. Nd1 Qf7 24. Kh1 Qg6 25. Rg1 Ne2 26.
Ne3 Nxc1 27. Rxc1 d4 28. Nf1 Kh8 29. Ng3 Qh6 30. Rc7 Ng4 31. Kg1 Nf6 32.
Nf5 Qg6 33. Nxg7 R6e7 34. Nxe8 Rxe8 35. Rxb7 Rg8 36. Ne1 Nh5 37. Rb8 Nf4
38. Rxg8+ Qxg8 39. Qxg8+ Kxg8 40. Kh2 Kf7 41. g3 Ng6 42. Kg2 Ke6 43. Kf3
Kd5 44. Nc2 e4+ 45. dxe4+ Kc4 46. h4 h5 47. e5 Nxe5+ 48. Ke4 Nc6 49. f4 Kb3
50. Nxd4+ Nxd4 51. Kxd4 Kb4 52. f5 Kxa4 53. Kc3 Kb5 54. f6 a4 55. f7 a3 56.
bxa3 Ka4 57. f8=Q Ka5 58. Qb4+ Ka6 59. Kc4 Ka7 60. Kc5 Ka8 61. Kc6 Ka7 62.
Qb7# { Black checkmated } 1-0

[Event "ICC tourney 2161 (75 10)"]
[Site "Internet Chess Club"]
[Date "2020.11.29"]
[Round "8"]
[White "MathMonkey"]
[Black "ajedrez7"]
[Result "0-1"]
[ICCResult "White checkmated"]
[WhiteElo "1147"]
[BlackElo "1633"]
[Opening "Sicilian: Taimanov variation"]
[ECO "B49"]
[NIC "SI.40"]
[Time "14:48:57"]
[PlyCount "140"]
[TimeControl "4500+10"]


1. e4 c5 2. Nf3 e6 3. d4 cxd4 4. Nxd4 Nc6 5. Nc3 Qc7 6. Be3 a6 7. Be2 Nf6
8. O-O Be7 9. f4 d6 10. f5 Nxd4 11. Bxd4 e5 12. Be3 Bd7 13. Bg5 Bc6 14. Bf3
O-O-O 15. Bg4 Kb8 16. Bf3 Rd7 17. Be3 Rhd8 18. Qe1 d5 19. exd5 Nxd5 20.
Bxd5 Bxd5 21. Qf2 Qc6 22. Rfb1 f6 23. Nxd5 Rxd5 24. h3 Bc5 25. Bxc5 Qxc5
26. c3 Qxf2+ 27. Kxf2 Rd2+ 28. Kf1 Kc7 29. b4 Rc2 30. Rc1 Rdd2 31. Rxc2
Rxc2 32. a4 Rxc3 33. Ra2 Rc4 34. Rb2 Rf4+ 35. Ke2 Rxf5 36. g3 Rh5 37. h4 g5
38. Kf3 gxh4 39. Kg4 Rg5+ 40. Kxh4 Rg7 41. a5 Kd6 42. Rd2+ Ke6 43. Rd8 Kf5
44. Kh3 Re7 45. Rd6 e4 46. Rd5+ Re5 47. Rd6 e3 48. Rd1 Ke4 49. Kg2 h5 50.
Kf1 Kf3 51. Rd3 h4 52. gxh4 f5 53. h5 f4 54. h6 Rh5 55. Kg1 Rxh6 56. Rb3
Re6 57. Kf1 Kg3 58. Ke2 f3+ 59. Kf1 e2+ 60. Ke1 Kg2 61. b5 f2+ 62. Kd2
e1=Q+ 63. Kc2 Re2+ 64. Kd3 Re3+ 65. Kc2 Rxb3 66. Kxb3 f1=Q 67. b6 Qf4 68.
Kb2 Qee3 69. Kc2 Qff2+ 70. Kd1 Qee1# { White checkmated } 0-1

[Event "ICC tourney 2161 (75 10)"]
[Site "Internet Chess Club"]
[Date "2020.11.29"]
[Round "8"]
[White "joeandjoe56"]
[Black "ShanksGames"]
[Result "0-1"]
[ICCResult "White resigns"]
[WhiteElo "1736"]
[BlackElo "1591"]
[Opening "French: Tarrasch, closed variation"]
[ECO "C05"]
[NIC "FR.17"]
[Time "14:49:13"]
[PlyCount "74"]
[TimeControl "4500+10"]


1. e4 e6 2. d4 d5 3. Nd2 Nf6 4. e5 Nfd7 5. Bd3 c5 6. c3 Nc6 7. Ne2 Qb6 8.
Nf3 Be7 9. O-O Nf8 10. Re1 Ng6 11. a3 c4 12. Bc2 Bd7 13. Ng3 h5 14. Bxg6
fxg6 15. Qc2 O-O-O 16. Qxg6 h4 17. Ne2 Rdf8 18. Nf4 Rh6 19. Qxg7 Rhh8 20.
Ng6 Rhg8 21. Nxe7+ Nxe7 22. Qxe7 Rxf3 23. Qh7 Qd8 24. Kf1 Rff8 25. Be3 Be8
26. Qc2 Bg6 27. Qa4 Bd3+ 28. Kg1 Rxg2+ 29. Kxg2 Rg8+ 30. Kf3 Qf8+ 31. Bf4
Qf5 32. Qxa7 Rf8 33. Qc5+ Kd7 34. Qb5+ Kd8 35. Qa5+ Kc8 36. Qa8+ Kc7 37.
Qa5+ Kb8 { White resigns } 0-1

[Event "ICC tourney 2161 (75 10)"]
[Site "Internet Chess Club"]
[Date "2020.11.29"]
[Round "8"]
[White "AbleCompany"]
[Black "APBrain"]
[Result "1/2-1/2"]
[ICCResult "Game drawn by repetition"]
[WhiteElo "1568"]
[BlackElo "1594"]
[Opening "QGD: 4.Bg5 Be7"]
[ECO "D53"]
[NIC "QO.13"]
[Time "14:48:43"]
[PlyCount "79"]
[TimeControl "4500+10"]


1. d4 d5 2. c4 e6 3. Nc3 Nf6 4. Bg5 Be7 5. Nf3 Nbd7 6. e3 b6 7. cxd5 exd5
8. Bb5 Bb7 9. Ne5 c6 10. Bxc6 Bxc6 11. Nxc6 Qc8 12. Nxe7 Kxe7 13. Nxd5+ Kf8
14. Nxf6 Nxf6 15. Bxf6 gxf6 16. Rc1 Qd7 17. Qf3 Rc8 18. O-O Kg7 19. d5 Rhd8
20. e4 Rxc1 21. Rxc1 f5 22. Qg3+ Kf8 23. f3 fxe4 24. fxe4 Qe7 25. Qf3 Re8
26. Rc4 Qe5 27. Qc3 Qf4 28. Rc8 Rxc8 29. Qxc8+ Ke7 30. Qc6 Qe3+ 31. Kf1
Qf4+ 32. Kg1 Qe3+ 33. Kf1 Qf4+ 34. Ke2 Qxe4+ 35. Kf2 Qf4+ 36. Ke2 Qe4+ 37.
Kf2 Qf4+ 38. Ke2 Qe4+ 39. Kf2 Qf4+ 40. Ke2 { Game drawn by repetition }
1/2-1/2

[Event "ICC tourney 2161 (75 10)"]
[Site "Internet Chess Club"]
[Date "2020.11.29"]
[Round "8"]
[White "Purushottam123"]
[Black "beibeiolivia"]
[Result "1-0"]
[ICCResult "Black checkmated"]
[WhiteElo "1572"]
[BlackElo "1455"]
[Opening "Ruy Lopez: Morphy defense"]
[ECO "C77"]
[NIC "RL.12"]
[Time "14:49:04"]
[PlyCount "173"]
[TimeControl "4500+10"]


1. e4 e5 2. Nf3 Nc6 3. Bb5 a6 4. Ba4 Nf6 5. d4 b5 6. dxe5 bxa4 7. exf6 Qxf6
8. Nc3 a3 9. Nd5 Qd8 10. Bf4 d6 11. b3 Be7 12. O-O O-O 13. e5 dxe5 14. Nxe5
Nxe5 15. Bxe5 Bd6 16. Re1 Bb7 17. Bxd6 Qxd6 18. Ne7+ Kh8 19. Qxd6 cxd6 20.
Nf5 d5 21. Re7 Bc6 22. Nd6 Kg8 23. Rc7 Bb5 24. Rd1 Rad8 25. Nf5 Kh8 26. h3
h6 27. Rc5 Rfe8 28. Rcxd5 Rxd5 29. Rxd5 Re1+ 30. Kh2 Ra1 31. c4 Bc6 32. Rd2
Kh7 33. Nd4 Be4 34. Ne2 Kg6 35. Nc3 Bf5 36. Nd5 Be6 37. Nc7 Bc8 38. Nd5 Be6
39. Ne3 Kf6 40. f4 g6 41. Kg3 Kg7 42. Rc2 Kf6 43. c5 Ke7 44. Kf2 Kd7 45.
Ke2 Kc6 46. Kd3 a5 47. Kd4 f6 48. Nc4 Kb5 49. Nxa3+ Kb4 50. Nc4 a4 51. Nd2
axb3 52. axb3 Ra8 53. Ne4 Kxb3 54. Rc3+ Kb4 55. Rc1 Rd8+ 56. Nd6 Rd7 57.
Re1 Bb3 58. Re8 h5 59. Rb8+ Ka4 60. Kc3 Bd5 61. Rb1 Ka3 62. Ra1+ Ba2 63.
Nc4+ Ka4 64. Nb6+ Kb5 65. Nxd7 Bd5 66. Kd4 Bxg2 67. h4 Bc6 68. Nxf6 Kb4 69.
Rb1+ Ka5 70. Rb6 Bg2 71. Nd5 Bf3 72. Rb3 Bg4 73. Ra3+ Kb5 74. Ne7 Bd7 75.
Ra7 Bg4 76. Rb7+ Ka6 77. c6 Bf3 78. Kc5 Bg4 79. Nxg6 Bf5 80. Ne5 Bc8 81.
Rc7 Bf5 82. Nc4 Bd7 83. Ra7+ Kxa7 84. cxd7 Kb7 85. d8=Q Ka7 86. Qc7+ Ka8
87. Nb6# { Black checkmated } 1-0

[Event "ICC tourney 2161 (75 10)"]
[Site "Internet Chess Club"]
[Date "2020.11.29"]
[Round "8"]
[White "Clairehouses"]
[Black "trucker"]
[Result "0-1"]
[ICCResult "White checkmated"]
[WhiteElo "1566"]
[BlackElo "1664"]
[Opening "Grünfeld: Spassky variation, main line, 10...cd, 11.cd"]
[ECO "D88"]
[NIC "GI.06"]
[Time "14:49:13"]
[PlyCount "66"]
[TimeControl "4500+10"]


1. d4 Nf6 2. c4 g6 3. Nc3 d5 4. cxd5 Nxd5 5. e4 Nxc3 6. bxc3 Bg7 7. Bc4 O-O
8. Ne2 c5 9. O-O Nc6 10. Be3 cxd4 11. cxd4 Bg4 12. f3 Na5 13. Bxf7+ Rxf7
14. fxg4 Rxf1+ 15. Qxf1 e5 16. d5 Nc4 17. Bc1 Qa5 18. Qd1 Bf8 19. Bg5 h6
20. Bh4 Bc5+ 21. Kh1 Rf8 22. Qe1 Nd2 23. Qg3 Qb5 24. Qxe5 Qxe2 25. Qe6+ Kg7
26. Qe5+ Kg8 27. Qe6+ Kh7 28. Qd7+ Kh8 29. h3 Rf1+ 30. Kh2 Bg1+ 31. Kh1
Bd4+ 32. Kh2 Be5+ 33. Bg3 Nf3# { White checkmated } 0-1

[Event "ICC tourney 2161 (75 10)"]
[Site "Internet Chess Club"]
[Date "2020.11.29"]
[Round "8"]
[White "mancogu"]
[Black "mehtaaditya"]
[Result "1-0"]
[ICCResult "Black checkmated"]
[WhiteElo "1602"]
[BlackElo "1511"]
[Opening "Ruy Lopez: exchange variation, 5.O-O"]
[ECO "C68"]
[NIC "RL.08"]
[Time "14:48:59"]
[PlyCount "109"]
[TimeControl "4500+10"]


1. e4 e5 2. Nf3 Nc6 3. Bb5 a6 4. Bxc6 dxc6 5. O-O Bd6 6. d4 Bg4 7. dxe5
Bxf3 8. Qxf3 Bxe5 9. Nd2 Qf6 10. Qxf6 Nxf6 11. Nf3 Nd7 12. Nxe5 Nxe5 13.
Bf4 f6 14. Rad1 O-O 15. Bxe5 fxe5 16. Rd7 Rf7 17. Rfd1 Raf8 18. f3 Rxd7 19.
Rxd7 Rf7 20. Rd2 Re7 21. Kf2 Kf7 22. Ke3 Ke6 23. h4 Rf7 24. g3 h6 25. Rd8
c5 26. c4 c6 27. b3 Rd7 28. Rxd7 Kxd7 29. f4 Ke6 30. f5+ Kf6 31. g4 b5 32.
cxb5 cxb5 33. Kd3 a5 34. a4 c4+ 35. bxc4 b4 36. c5 Ke7 37. g5 h5 38. Kc4
Kd7 39. f6 gxf6 40. gxf6 Kd8 41. c6 Ke8 42. c7 b3 43. Kxb3 Kd7 44. f7 Kxc7
45. f8=Q Kc6 46. Qh6+ Kc5 47. Qxh5 Kd6 48. Qg6+ Kc5 49. h5 Kd4 50. h6 Kc5
51. h7 Kd4 52. h8=R Kc5 53. Rc8+ Kd4 54. Rd8+ Kc5 55. Qd6# { Black
checkmated } 1-0

[Event "ICC tourney 2161 (75 10)"]
[Site "Internet Chess Club"]
[Date "2020.11.29"]
[Round "8"]
[White "JavierDix"]
[Black "rcww2020"]
[Result "0-1"]
[ICCResult "White resigns"]
[WhiteElo "1421"]
[BlackElo "1658"]
[Opening "Old Benoni defense"]
[ECO "A43"]
[NIC "OI.09"]
[Time "14:49:09"]
[PlyCount "134"]
[TimeControl "4500+10"]


1. d4 c5 2. c3 d5 3. Nf3 Nc6 4. Bf4 Nf6 5. e3 Bf5 6. Bb5 a6 7. Bxc6+ bxc6
8. Ne5 Qb6 9. Qb3 Qb5 10. Nd2 cxd4 11. Qxb5 cxb5 12. cxd4 e6 13. O-O Nh5
14. g4 Nxf4 15. exf4 Bg6 16. Rac1 Bb4 17. Nxg6 hxg6 18. Nf3 Bd6 19. Ne5
Bxe5 20. fxe5 O-O 21. Rc7 Rfc8 22. Rfc1 Rxc7 23. Rxc7 g5 24. a3 g6 25. Kg2
Rb8 26. Ra7 Rb6 27. b4 Rc6 28. Kf3 Rc3+ 29. Ke2 Rxa3 30. f3 Rb3 31. Rxa6
Rxb4 32. Rb6 Rb2+ 33. Ke3 b4 34. Kd3 b3 35. Kc3 Rf2 36. Rxb3 Rxf3+ 37. Kb4
Rxb3+ 38. Kxb3 Kg7 39. Kc3 f6 40. Kd3 fxe5 41. dxe5 Kf7 42. Kd4 Ke7 43. Kc5
Kd8 44. Kb5 Kd7 45. Kc5 Kc7 46. Kb5 d4 47. Kc4 Kc6 48. Kxd4 Kb5 49. Kd3 Kc5
50. Ke4 Kc4 51. h3 Kc5 52. Ke3 Kd5 53. Kd3 Kxe5 54. Ke3 Kd5 55. Kd3 e5 56.
Ke3 e4 57. Ke2 Kd4 58. Kd2 e3+ 59. Ke2 Ke4 60. Ke1 Kf3 61. Kf1 Kg3 62. Ke2
Kxh3 63. Kxe3 Kxg4 64. Kf2 Kh3 65. Kg1 g4 66. Kh1 g3 67. Kg1 g2 { White
resigns } 0-1

[Event "ICC tourney 2161 (75 10)"]
[Site "Internet Chess Club"]
[Date "2020.11.29"]
[Round "8"]
[White "Khammurabi"]
[Black "AwarePiece"]
[Result "0-1"]
[ICCResult "White resigns"]
[WhiteElo "1601"]
[BlackElo "1779"]
[Opening "Vienna gambit"]
[ECO "C25"]
[NIC "VG.04"]
[Time "14:49:21"]
[PlyCount "62"]
[TimeControl "4500+10"]


1. e4 e5 2. Nc3 Nc6 3. f4 d6 4. Bc4 Nf6 5. d3 h6 6. a3 Qe7 7. f5 b6 8. Nf3
Bb7 9. Be3 O-O-O 10. Qe2 Na5 11. Ba2 Nc6 12. Bf2 g5 13. fxg6 fxg6 14. O-O
Bg7 15. Nh4 Qe8 16. Nf3 Kb8 17. a4 Bc8 18. d4 exd4 19. Nxd4 Rf8 20. Qc4 Ne5
21. Qb4 c5 22. Qb3 cxd4 23. Bxd4 Nc6 24. Bf2 Nd7 25. a5 Nxa5 26. Qa3 Bxc3
27. Qxd6+ Ka8 28. Bd5+ Bb7 29. bxc3 Nc5 30. Qg3 Nxe4 31. Qc7 Rxd5 { White
resigns } 0-1

[Event "ICC tourney 2161 (75 10)"]
[Site "Internet Chess Club"]
[Date "2020.11.29"]
[Round "8"]
[White "sushivishwa"]
[Black "shrey16ultimate"]
[Result "1-0"]
[ICCResult "Black resigns"]
[WhiteElo "1755"]
[BlackElo "1606"]
[Opening "Caro-Kann: advance variation"]
[ECO "B12"]
[NIC "CK.04"]
[Time "14:48:55"]
[PlyCount "144"]
[TimeControl "4500+10"]


1. e4 c6 2. d4 d5 3. e5 Bf5 4. Ne2 e6 5. Ng3 Bg6 6. h4 h6 7. h5 Bh7 8. Bd3
Bxd3 9. cxd3 Nd7 10. O-O Ne7 11. Nc3 Nc8 12. Qg4 c5 13. dxc5 Nxe5 14. Qe2
Nc6 15. Qg4 Qf6 16. Be3 Be7 17. d4 Qh4 18. Qd1 O-O 19. Nce2 Bg5 20. f4 Bd8
21. Rb1 b6 22. b4 b5 23. a4 a6 24. axb5 axb5 25. Qd3 N8a7 26. Rf3 f5 27.
Nc3 Rb8 28. Bf2 Qf6 29. Nf1 Bc7 30. Qe3 Ra8 31. Rg3 Ne7 32. Qe2 Rfb8 33.
Re3 Qxd4 34. Rxe6 Qxc3 35. Rxe7 Bxf4 36. Qe6+ Kh8 37. Qxf5 Rf8 38. Qxd5 Qf6
39. Re6 Bh2+ 40. Nxh2 Qxf2+ 41. Kh1 Rad8 42. Rd6 Rde8 43. Nf3 Nc8 44. Rd7
Ne7 45. Qd4 Qg3 46. Rf1 Nf5 47. Qf2 Qxf2 48. Rxf2 Ng3+ 49. Kh2 Nxh5 50.
Rfd2 Nf6 51. Rb7 Rb8 52. Rxb8 Rxb8 53. Ne5 Kg8 54. Nd7 Nxd7 55. Rxd7 Kf8
56. c6 Rc8 57. c7 Ke8 58. Rxg7 Kf8 59. Rh7 Kg8 60. Rd7 Kf8 61. Rd8+ Rxd8
62. cxd8=Q+ Kg7 63. Qb6 h5 64. Qxb5 h4 65. Qg5+ Kf7 66. Qxh4 Kg7 67. Qg5+
Kh7 68. b5 Kh8 69. b6 Kh7 70. b7 Kh8 71. b8=R+ Kh7 72. Rb7+ Kh8 { Black
resigns } 1-0

[Event "ICC tourney 2161 (75 10)"]
[Site "Internet Chess Club"]
[Date "2020.11.29"]
[Round "8"]
[White "cdj12417489"]
[Black "ChessG2011"]
[Result "0-1"]
[ICCResult "White checkmated"]
[WhiteElo "1259"]
[BlackElo "1200"]
[Opening "Scotch gambit"]
[ECO "C44"]
[NIC "SO.06"]
[Time "14:48:52"]
[PlyCount "124"]
[TimeControl "4500+10"]


1. e4 e5 2. Nf3 Nc6 3. d4 exd4 4. Bc4 Bc5 5. c3 dxc3 6. Qd5 Qe7 7. O-O Nf6
8. Qd3 O-O 9. Nxc3 d6 10. h3 Ne5 11. Nxe5 Qxe5 12. Be3 Bxe3 13. Qxe3 a6 14.
Rac1 b5 15. Bb3 Bb7 16. f3 Nd7 17. f4 Qc5 18. Qxc5 Nxc5 19. Bc2 Rfe8 20.
Rce1 Re7 21. b4 Nd7 22. Bb3 Rae8 23. Nd5 Rxe4 24. Nxc7 Rxe1 25. Nxe8 Rxe8
26. Rd1 Re2 27. Kf1 Re4 28. g3 d5 29. Rc1 Nf6 30. Rc7 Ba8 31. Ra7 Re8 32.
Rxa6 Ne4 33. Kg2 h6 34. Ra7 Nd2 35. Bd1 d4+ 36. Kf2 Ne4+ 37. Kg1 Nxg3 38.
Bb3 Ne2+ 39. Kh2 Rf8 40. Rd7 Nxf4 41. Rxd4 Ne6 42. Rd6 Rd8 43. Ra6 Rd2+ 44.
Kg3 Rg2+ 45. Kh4 g5+ 46. Kh5 Nf4+ 47. Kxh6 Bf3 48. Rb6 Kf8 49. Rxb5 Rg3 50.
Rb8+ Ke7 51. Kg7 Ne6+ 52. Kg8 Rxh3 53. b5 Be4 54. b6 Rh7 55. b7 Rg7+ 56.
Kh8 Rh7+ 57. Kg8 Kf6 58. Bd5 Rg7+ 59. Kh8 Bxd5 60. a4 Be4 61. a5 Nf4 62. a6
Ng6# { White checkmated } 0-1

[Event "ICC tourney 2161 (75 10)"]
[Site "Internet Chess Club"]
[Date "2020.11.29"]
[Round "8"]
[White "RaymondJiang1"]
[Black "dangdang2000"]
[Result "1-0"]
[ICCResult "Black checkmated"]
[WhiteElo "1456"]
[BlackElo "1257"]
[Opening "Giuoco Pianissimo: Italian four knights variation"]
[ECO "C50"]
[NIC "IG.02"]
[Time "14:49:02"]
[PlyCount "67"]
[TimeControl "4500+10"]


1. e4 e5 2. Nf3 Nc6 3. Bc4 Bc5 4. Nc3 Nf6 5. d3 d6 6. Be3 Bxe3 7. fxe3 Bg4
8. h3 Bh5 9. Qe2 Qd7 10. O-O-O O-O-O 11. Nd5 Nxd5 12. Bxd5 Ne7 13. Bb3 Bg6
14. Rhf1 f6 15. Nh4 Rhf8 16. g4 Bf7 17. Bxf7 Rxf7 18. d4 Nc6 19. a3 Re8 20.
d5 Nb8 21. Rf3 Na6 22. b3 Nc5 23. Qc4 Kd8 24. a4 c6 25. dxc6 Qxc6 26. Qxf7
Ne6 27. Nf5 Nd4 28. exd4 g6 29. Nxd6 Qxd6 30. dxe5 Qxd1+ 31. Kxd1 fxe5 32.
Rd3+ Kc8 33. Rc3+ Kd8 34. Qc7# { Black checkmated } 1-0

[Event "ICC tourney 2161 (75 10)"]
[Site "Internet Chess Club"]
[Date "2020.11.29"]
[Round "8"]
[White "castle2king"]
[Black "davidtxie"]
[Result "1-0"]
[ICCResult "Black resigns"]
[WhiteElo "1561"]
[BlackElo "1682"]
[Opening "French: Tarrasch, closed variation"]
[ECO "C05"]
[NIC "FR.17"]
[Time "14:49:34"]
[PlyCount "61"]
[TimeControl "4500+10"]


1. e4 e6 2. d4 d5 3. Nd2 Nf6 4. e5 Nfd7 5. Bd3 c5 6. c3 Nc6 7. Ngf3 f6 8.
exf6 Nxf6 9. O-O Bd6 10. Re1 O-O 11. h3 cxd4 12. cxd4 Bd7 13. Nf1 Qb6 14.
a3 Rac8 15. b3 Rfe8 16. Bb2 Na5 17. N1d2 Ba4 18. bxa4 Qxb2 19. Bb5 Re7 20.
g3 h6 21. Rb1 Qxa3 22. Nb3 Nxb3 23. Rxb3 Rc1 24. Qxc1 Qxb3 25. Qc8+ Kh7 26.
Re3 Qd1+ 27. Kg2 a6 28. Bd3+ g6 29. Be2 Qxa4 30. Rxe6 Nd7 31. Rxd6 { Black
resigns } 1-0

[Event "ICC tourney 2161 (75 10)"]
[Site "Internet Chess Club"]
[Date "2020.11.29"]
[Round "8"]
[White "SamLightning"]
[Black "sidb123"]
[Result "1-0"]
[ICCResult "Black checkmated"]
[WhiteElo "1649"]
[BlackElo "1389"]
[Opening "QGD: 4.Bg5"]
[ECO "D50"]
[NIC "QO.16"]
[Time "14:48:54"]
[PlyCount "121"]
[TimeControl "4500+10"]


1. d4 d5 2. c4 e6 3. Nc3 Nf6 4. Bg5 Nc6 5. e3 Be7 6. a3 a5 7. cxd5 exd5 8.
Bd3 O-O 9. Qc2 h6 10. Bf4 Bd6 11. Nge2 Re8 12. O-O Bxf4 13. Nxf4 Qd6 14.
Bf5 Bxf5 15. Qxf5 Ne7 16. Qe5 Qd7 17. Nh5 Ra6 18. f4 Nf5 19. Nxf6+ gxf6 20.
Qxd5 Qxd5 21. Nxd5 Rc6 22. Rac1 Ree6 23. Kf2 Kg7 24. Nxc7 Rxe3 25. g4 Re4
26. gxf5 Rxf4+ 27. Kg2 Rxd4 28. Rxc6 bxc6 29. Rf2 Kf8 30. Na6 Ke7 31. Nc5
Rd5 32. Ne4 Re5 33. Ng3 Kf8 34. Kh3 Kg7 35. Nh5+ Kf8 36. Nxf6 Kg7 37. Ng4
Re4 38. Kh4 f6 39. Kh5 Re1 40. Nxh6 Rg1 41. Ng4 Re1 42. Kh4 Re8 43. Kg3 Kf7
44. h4 Kg7 45. h5 Rh8 46. h6+ Kf7 47. Rc2 Rc8 48. Rc5 a4 49. h7 Kg7 50.
h8=Q+ Rxh8 51. Rxc6 Rb8 52. Rc4 Rxb2 53. Rxa4 Rb3+ 54. Kf4 Rb6 55. Rb4 Ra6
56. a4 Ra5 57. Rb7+ Kf8 58. Nxf6 Rxa4+ 59. Kg5 Ra5 60. Kg6 Ra6 61. Rf7# {
Black checkmated } 1-0

[Event "ICC tourney 2161 (75 10)"]
[Site "Internet Chess Club"]
[Date "2020.11.29"]
[Round "8"]
[White "mrerikchin"]
[Black "EW2006"]
[Result "1/2-1/2"]
[ICCResult "Game drawn by mutual agreement"]
[WhiteElo "1636"]
[BlackElo "1249"]
[Opening "English: Sicilian reversed"]
[ECO "A25"]
[NIC "EO.20"]
[Time "14:48:56"]
[PlyCount "70"]
[TimeControl "4500+10"]


1. c4 e5 2. Nc3 Nc6 3. g3 Bc5 4. Bg2 Nf6 5. e4 Nd4 6. Nge2 d6 7. O-O Be6 8.
d3 c6 9. h3 Qd7 10. Kh2 h5 11. f4 Nxe2 12. Qxe2 Qe7 13. Be3 Bxe3 14. Qxe3
h4 15. f5 Bd7 16. g4 Nh7 17. b4 Qg5 18. Qf2 Qf6 19. b5 g6 20. Rab1 b6 21.
bxc6 Bxc6 22. Nb5 Bxb5 23. Rxb5 Rc8 24. a4 Rc5 25. Rfb1 O-O 26. a5 Rb8 27.
axb6 Rxb5 28. Rxb5 Rxb6 29. Rxb6 axb6 30. Qxb6 Qg5 31. Qf2 Nf6 32. fxg6
fxg6 33. Bf1 Nd7 34. Be2 Nc5 35. Qf3 Ne6 { Game drawn by mutual agreement }
1/2-1/2

[Event "ICC tourney 2161 (75 10)"]
[Site "Internet Chess Club"]
[Date "2020.11.29"]
[Round "8"]
[White "flyingfred"]
[Black "mutantpenguin"]
[Result "0-1"]
[ICCResult "White resigns"]
[WhiteElo "1495"]
[BlackElo "1348"]
[Opening "French: Tarrasch, closed variation"]
[ECO "C05"]
[NIC "FR.16"]
[Time "14:49:05"]
[PlyCount "136"]
[TimeControl "4500+10"]


1. e4 e6 2. d4 d5 3. Nd2 Nf6 4. e5 Nfd7 5. c3 c5 6. Ndf3 Nc6 7. Bd3 Qb6 8.
Ne2 Be7 9. O-O O-O 10. Qc2 h6 11. Qd1 cxd4 12. cxd4 Nb4 13. Bb1 Qc7 14. a3
Nc6 15. Qd3 f5 16. exf6 Nxf6 17. Bxh6 gxh6 18. Qg6+ Kh8 19. Qxh6+ Kg8 20.
Qg6+ Kh8 21. Ng3 Bd6 22. Nh5 Qh7 23. Qxf6+ Rxf6 24. Bxh7 Rh6 25. Bd3 Rxh5
26. g4 Rh6 27. g5 Rh3 28. Kg2 e5 29. dxe5 Nxe5 30. Be2 Nxf3 31. Bxf3 Rxh2+
32. Kg1 Be6 33. Rad1 Rg8 34. Rfe1 Rxg5+ 35. Kf1 Bh3+ 36. Ke2 Re5+ 37. Kd3
Rxe1 38. Rxe1 Rxf2 39. Bxd5 b6 40. Re8+ Rf8 41. Re3 Bf1+ 42. Kc2 Rc8+ 43.
Kb1 Rc5 44. Re8+ Kg7 45. Rg8+ Kh7 46. Bb3 Bd3+ 47. Ka2 Rc1 48. Rd8 Bb1+ 49.
Ka1 Be7 50. Rd4 Bf5+ 51. Ka2 Bf6 52. Rf4 Kg6 53. Rf2 a5 54. Rg2+ Bg5 55. a4
Bb1+ 56. Ka3 Be4 57. Rg3 Ra1+ 58. Ba2 Bb1 59. Rg1 Rxa2+ 60. Kb3 Ra1 61. Kc3
Kh5 62. Rh1+ Kg6 63. Rg1 Kf5 64. Rf1+ Ke6 65. Re1+ Kd6 66. Rd1+ Kc6 67. Kb3
Ba2+ 68. Kc2 Bb3+ { White resigns } 0-1

[Event "ICC tourney 2161 (75 10)"]
[Site "Internet Chess Club"]
[Date "2020.11.29"]
[Round "8"]
[White "LittleJimmy"]
[Black "jHanna"]
[Result "0-1"]
[ICCResult "White checkmated"]
[WhiteElo "1489"]
[BlackElo "1790"]
[Opening "French: Tarrasch, Botvinnik variation"]
[ECO "C05"]
[NIC "FR.17"]
[Time "14:49:17"]
[PlyCount "72"]
[TimeControl "4500+10"]


1. e4 e6 2. d4 d5 3. Nd2 Nf6 4. e5 Nfd7 5. Bd3 c5 6. c3 b6 7. Ne2 Ba6 8.
Bc2 Nc6 9. Nf3 cxd4 10. cxd4 Be7 11. O-O O-O 12. a3 f6 13. exf6 Bxf6 14.
Re1 e5 15. dxe5 Ndxe5 16. Nxe5 Bxe5 17. Rb1 d4 18. Ng3 Qh4 19. Re4 Bxg3 20.
Rxh4 Bxf2+ 21. Kh1 Bxh4 22. Bd3 Rae8 23. g3 Bb7 24. Kg1 Ne5 25. Be2 d3 26.
Bh5 g6 27. gxh4 gxh5 28. Qb3+ Rf7 29. Qc3 Nf3+ 30. Kg2 Nd4+ 31. Kh3 Rf3+
32. Kg2 Rfe3+ 33. Kf2 Re2+ 34. Kf1 Rf8+ 35. Kg1 Rg2+ 36. Kh1 Rf1# { White
checkmated } 0-1

[Event "ICC tourney 2161 (75 10)"]
[Site "Internet Chess Club"]
[Date "2020.11.29"]
[Round "8"]
[White "TheOrcaPro"]
[Black "Tomasleo"]
[Result "1-0"]
[ICCResult "Black resigns"]
[WhiteElo "1735"]
[BlackElo "1416"]
[Opening "Ruy Lopez: Anderssen variation"]
[ECO "C77"]
[NIC "RL.12"]
[Time "14:48:47"]
[PlyCount "71"]
[TimeControl "4500+10"]


1. e4 e5 2. Nf3 Nc6 3. Bb5 a6 4. Ba4 Nf6 5. d3 Bb4+ 6. c3 Be7 7. Bxc6 dxc6
8. Nxe5 O-O 9. h3 Qd6 10. f4 Rd8 11. Qe2 Nd7 12. Nxd7 Rxd7 13. d4 Bh4+ 14.
Kf1 c5 15. d5 Re7 16. Qf3 Qg6 17. e5 Qc2 18. Na3 Qg6 19. Be3 Bf5 20. Rd1 c4
21. Ke2 h5 22. Rd4 f6 23. Nxc4 b5 24. d6 Ree8 25. Nd2 cxd6 26. exd6 Rad8
27. Rg1 Qg3 28. Qxg3 Bxg3 29. Kf3 h4 30. Rd1 Re6 31. Bg1 g5 32. Be3 Rde8
33. Nf1 gxf4 34. Bxf4 Bxf4 35. Kxf4 Be4 36. d7 { Black resigns } 1-0

[Event "ICC tourney 2161 (75 10)"]
[Site "Internet Chess Club"]
[Date "2020.11.29"]
[Round "8"]
[White "Maanast"]
[Black "rachael1120"]
[Result "1/2-1/2"]
[ICCResult "Game drawn by mutual agreement"]
[WhiteElo "1543"]
[BlackElo "1683"]
[Opening "QGD: 4.Bg5"]
[ECO "D50"]
[NIC "QO.16"]
[Time "14:48:48"]
[PlyCount "74"]
[TimeControl "4500+10"]


1. d4 Nf6 2. c4 e6 3. Nc3 d5 4. Bg5 c6 5. e3 Bd6 6. Nf3 h6 7. Bh4 O-O 8.
Bd3 b6 9. Qb3 Nbd7 10. Rc1 Bb7 11. O-O Re8 12. cxd5 exd5 13. Bf5 Qb8 14.
Rfe1 g5 15. Bg3 Bxg3 16. hxg3 Qd6 17. Nh2 Kg7 18. e4 dxe4 19. Nxe4 Nxe4 20.
Bxe4 Nf6 21. Qd3 Nxe4 22. Rxe4 c5 23. Rxe8 Rxe8 24. Qb5 Bc6 25. dxc5 Qd5
26. Qf1 bxc5 27. b3 a6 28. Rd1 Qe4 29. f3 Qe3+ 30. Qf2 Bb5 31. Ng4 Qxf2+
32. Nxf2 Re2 33. a4 Be8 34. Ne4 Rc2 35. Rd6 c4 36. bxc4 Rxc4 37. Rxa6 Rxa4
{ Game drawn by mutual agreement } 1/2-1/2

[Event "ICC tourney 2161 (75 10)"]
[Site "Internet Chess Club"]
[Date "2020.11.29"]
[Round "8"]
[White "michaelpang"]
[Black "fhunfi"]
[Result "0-1"]
[ICCResult "White resigns"]
[WhiteElo "1574"]
[BlackElo "1698"]
[Opening "French: Tarrasch, Guimard main line"]
[ECO "C04"]
[NIC "FR.15"]
[Time "14:48:55"]
[PlyCount "90"]
[TimeControl "4500+10"]


1. e4 e6 2. d4 d5 3. Nd2 Nc6 4. Ngf3 Nf6 5. e5 Nd7 6. c3 f6 7. exf6 Qxf6 8.
Be2 Bd6 9. O-O O-O 10. Re1 Qf7 11. Bd3 e5 12. Bxh7+ Kh8 13. dxe5 Ndxe5 14.
Rf1 Nxf3+ 15. Nxf3 Qh5 16. Bg6 Qxg6 17. Qxd5 Qf5 18. Qxf5 Bxf5 19. Be3 Rfe8
20. Rfe1 Kg8 21. Rad1 a6 22. Nd4 Nxd4 23. Bxd4 Rxe1+ 24. Rxe1 Bd7 25. h3
Re8 26. Be3 Bc6 27. c4 Bc5 28. g3 Bxe3 29. fxe3 Rd8 30. Kf2 Rd2+ 31. Re2
Rxe2+ 32. Kxe2 Kf7 33. h4 Kf6 34. g4 Ke5 35. Kf2 Ke4 36. h5 Be8 37. Kg3
Kxe3 38. b3 c5 39. Kh4 Kf4 40. g5 Kf5 41. h6 gxh6 42. gxh6 Bg6 43. a3 a5
44. Kg3 Ke4 45. Kg4 Kd4 { White resigns } 0-1